Oof, lawful male human Archeologist ----- |...| ---------------- |.@.. |..............| |>.P| #|...............# |....##########...............|# -+-.- ###|.....<....._..|########## # #----------------# -----|--- #####################|.......| ####|.......+ . ##|.......| .! ##-........ . #--------- .| | Oof the Field Worker Experience level: 4 Strength: 16 Dexterity: 8 Constitution: 12 Intelligence: 14 Wisdom: 15 Charisma: 11 Health: 0(29) Energy: 17(17) Def: 4 Gold: 659 Moves: 2506 Dungeon seed: vUdq0xvIN0q4ir51 Game ID: Oof_1615466157 Your Inventory: Coins $ - 659 gold pieces Weapons a - a +2 bullwhip (weapon in hand) Armor r - an uncursed corroded +0 orcish helm (being worn) y - an uncursed +0 pair of elven boots (being worn) z - an uncursed +0 studded leather armor (being worn) Comestibles b - 2 uncursed food rations u - an uncursed partly eaten food ration x - an uncursed tripe ration Rings p - a cursed ring of aggravate monster (on left hand) Tools c - a +0 pick-axe d - a tinning kit (0:62) f - an uncursed sack g - an uncursed tin opener v - an uncursed tallow candle (0:200) w - an uncursed magic whistle Gems e - an uncursed amethyst stone q - an uncursed touchstone Spells and supernatural/magical abilities: Name Level Category Fail Memory W - pray for help -- divine ? -- Your skills at the end: Fighting Skills Weapon Skills pick-axe [Basic] whip [Basic] Spellcasting Skills Final Attributes: You were piously aligned. You saw invisible. You were stealthy. You aggravated monsters. You were fast. You are dead. Vanquished creatures: a rock mole a gnome lord a kobold lord 3 rothes an iguana 2 gas spores a cave spider a brown mold 2 yellow molds a gnome a gecko 5 jackals 2 foxes a kobold a goblin 5 sewer rats 4 grid bugs 2 lichens a kobold zombie 7 newts 43 creatures vanquished. Voluntary challenges: You followed a strict vegan diet. You had been an atheist until turn 2210. You used a wielded weapon 65 times, starting on turn 119. You read items or engraved 4 times, starting on turn 411. You never genocided any monsters. You never polymorphed an object. You never changed form. You used no wishes. You never split a pudding. You never wrote Elbereth's name. You never violated your personal moral code. Dungeon overview: The Dungeons of Doom: levels 1 to 6 Level 1 a long staircase Level 2 an armor shop Level 3 a general store, a sink a long staircase Level 4 Level 5 a fountain Level 6 <- You were here an altar to Huhetotl, a sink History has recorded: On T:1 you entered the Dungeons of Doom to retrieve the Amulet of Yendor! On T:298 you advanced to experience level 2. On T:389 you reached level 2 of The Dungeons of Doom. On T:761 you reached level 3 of The Dungeons of Doom. On T:910 you advanced to experience level 3. On T:1157 you reached level 4 of The Dungeons of Doom. On T:1740 you advanced to experience level 4. On T:1929 you reached level 5 of The Dungeons of Doom. On T:2338 you reached level 6 of The Dungeons of Doom. Score breakdown: Gold: 659 ( 9591 points) Experience: 4 levels ( 9649 points) Exploration: 6 levels ( 12.50%) ( 9784 points) Discoveries: 5 items ( 1.68%) ( 3885 points) Valuables value: (no points given unless you survive) Artifact value: 0 ( 0 points) Variety of kills: 20 monsters ( 5.25%) ( 6873 points) Turncount: 2506 turns ( -334 points) Survival: died (score multiplied by 80%) Total score: 31558 Latest messages: A black ooze gushes up from the drain! You miss the black pudding. Klunk! The pipes vibrate noisily. The dish washer returns! The succubus drinks an effervescent potion! The succubus rises up, through the ceiling! (You can name an effervescent potion from the item naming menu.) You miss the black pudding. (2x) You hit the black pudding. Your bullwhip is not affected. The black pudding bumps right into you! You hit the black pudding. Your bullwhip is not affected. You hit the black pudding. Your bullwhip is not affected. The black pudding bites! Your studded leather armor is not affected. You hit the black pudding. Your bullwhip is not affected. You miss the black pudding. The black pudding bites! Your iron skull cap corrodes! You die... The sack is empty. The sack is empty. Final status: Goodbye Oof the Archeologist, killed by a black pudding... You died in The Dungeons of Doom on dungeon level 6 with 31558 points, and 659 pieces of gold, after 2506 moves. You were level 4 with a maximum of 29 hit points when you died.